cohdb
Replays
Latest Replays
All Replays
Popular Replays
Top Player Replays
Match Explorer
How It Works
Community
CoH3 Stats
Reddit
Sign in to upload your games and track your stats! →
Sign in with Steam
Match 44522815
Unlisted
Match 44522815
Overview
Messages
Build Orders
End
Panzergrenadier Squad
250 Light Carrier
Selects Battlefield Espionage Battlegroup
Panzergrenadier Squad
Construct Light Support Kompanie
Combat Half-tracks
Selects Intel Disruption Beacon
Fire Support Elements
2.5-tonne Medical Truck
Pak 38 Mechanized Group
Vehicle Survival Package
Construct Panzerarmee Kommand
Forward Retreat Point
Selects Transfer Depots
Selects Firestorm
Armored Reserves
Panzer IV Assault Group
Emergency Repair Kits
Walking Stuka Rocket Launcher
Veteran Squad Leaders
Advanced Field Repairs
Firestorm
Firestorm
Tiger Heavy Tank
Rapid Advance
Firestorm
Walking Stuka Rocket Launcher
Selects 250/3 Funkpanzerwagen
Selects Advanced Ambush Training
Selects Operation Skorpion
Tungsten Core Ammunition
我小叮当今晚要搞事!
Victor #52
いきざま
General Rommel
NiuZeta
JT
新年辞旧喜洋洋
只出曲线
0
0
Comments
sign in to comment!
No comments posted yet!